 Dungeon Crawl Stone Soup version 0.23.2 (webtiles) character file.

Game seed: 13369052877226157530

46 Borgoz the Sneak (level 3, -1/28 HPs)
             Began as a Ghoul Enchanter on Apr 4, 2019.
             Slain by a hobgoblin
             ... wielding a +0 club
              (7 damage)
             ... on level 3 of the Dungeon.
             The game lasted 00:02:30 (1507 turns).

Borgoz the Sneak (Ghoul Enchanter)                  Turns: 1507, Time: 00:02:31

Health: -1/28      AC:  3    Str: 11    XL:     3   Next: 66%
Magic:  4/4        EV: 12    Int: 10    God:
Gold:   55         SH:  0    Dex: 10    Spells: 2/5 levels left

rFire    . . .     SeeInvis .   a - +1 dagger
rCold    + . .     Gourm    .   (no shield)
rNeg     + + +     Faith    .   b - +0 robe
rPois    ∞         Spirit   .   (no helmet)
rElec    .         Reflect  .   i - +0 cloak
rCorr    .         Harm     .   (no gloves)
MR       +....                  (no boots)
Stlth    ++........             (no amulet)
HPRegen  0.00/turn              c - ring of protection from magic
MPRegen  0.09/turn              (no ring)

@: rotting
A: rotting body, claws 1, carnivore, cold resistance 1, negative energy
resistance 3, inhibited regeneration, torment resistance, unbreathing
a: no special abilities


You were on level 3 of the Dungeon.
You were not hungry.

You visited 1 branch of the dungeon, and saw 3 of its levels.

You collected 55 gold pieces.

Inventory:

Hand Weapons
 a - a +1 dagger (weapon)
Armour
 b - a +0 robe (worn)
 i - a +0 cloak (worn)
Jewellery
 c - a ring of protection from magic (left claw)
 n - an uncursed amulet of rage {unknown}
Scrolls
 f - 2 scrolls of enchant armour {unknown}
 h - 5 scrolls of identify {unknown}
 j - 2 scrolls of remove curse {unknown}
 l - a scroll of amnesia {unknown}
 m - a scroll of magic mapping {unknown}
Potions
 e - a potion of heal wounds {unknown}
 g - 2 potions of flight {unknown}
 k - a potion of curing {unknown}
Comestibles
 d - 6 rations
 o - 2 chunks of flesh


   Skills:
 + Level 1.0 Fighting
 + Level 1.3 Short Blades
 + Level 2.1 Dodging
 + Level 3.6 Stealth
 + Level 1.9 Spellcasting
 + Level 2.9 Hexes


You had 2 spell levels left.
You knew the following spells:

 Your Spells              Type           Power        Failure   Level  Hunger
a - Corona                Hex            #......      10%         1    ##.....
b - Ensorcelled Hibernat  Hex/Ice        #.....       26%         2    ###....

Your spell library contained the following spells:

 Spells                   Type           Power        Failure   Level  Hunger
 Confuse                  Hex            #.......     28%         3    ####...
 Tukima's Dance           Hex            #.......     28%         3    ####...
 Dazzling Spray           Conj/Hex       #.....       45%         3    ####...


Dungeon Overview and Level Annotations

Branches:
Dungeon (3/15)

Altars:
Uskayaw


Innate Abilities, Weirdness & Mutations

Your body is rotting away.
You thrive on raw meat.
You are immune to poison.
You have sharp fingernails.
You are carnivorous and can eat meat at any time.
Your flesh is cold resistant. (rC+)
You are immune to negative energy. (rN+++)
You do not regenerate when monsters are visible.
You are immune to unholy pain and torment.
You can survive without breathing.


Message History

The orc hits you. The hobgoblin hits you with a +0 club.
You hit the orc but do no damage.
The orc is lightly wounded.
The orc hits you.
The hobgoblin hits you but does no damage.
You barely miss the orc.
The orc is lightly wounded.
The orc closely misses you.
You hit the orc but do no damage.
The orc is lightly wounded.
The hobgoblin hits you but does no damage.
The orc hits you.
You hit the orc.
The orc is moderately wounded.
The hobgoblin hits you with a +0 club. The orc hits you.
* * * LOW HITPOINT WARNING * * *
You hit the orc but do no damage.
The orc is moderately wounded.
The hobgoblin hits you with a +0 club!
You die...

........#...........[#)..
.........................
........(###.......##....
....#...†.##.......##....
# #.......##...[.##....
#>...................
#...........[........
##.#o##...#####.....#
#.#@# ..... #.#g.......
#.##....... .......
....... ...##.. .... <
.####


You could see an orc and a hobgoblin.

Vanquished Creatures
  An adder (D:2)
  A worm (D:2)
  3 orcs (D:3)
  2 giant cockroaches (D:1)
  5 goblins
  3 hobgoblins
  A quokka (D:2)
  4 bats
  6 frilled lizards
  2 kobolds (D:1)
  4 rats
32 creatures vanquished.

Notes
Turn   | Place    | Note
-------+----------+-------------------------------------------
     0 | D:1      | Borgoz the Ghoul Enchanter began the quest for the Orb.
     0 | D:1      | Reached XP level 1. HP: 14/14 MP: 2/2
    55 | D:1      | Reached skill level 1 in Short Blades
   215 | D:1      | Reached XP level 2. HP: 9/20 MP: 3/3
   790 | D:2      | Found a hide-covered altar of Uskayaw.
   916 | D:2      | Reached XP level 3. HP: 18/27 MP: 4/4
   950 | D:2      | Learned a level 2 spell: Ensorcelled Hibernation
  1283 | D:2      | Reached skill level 1 in Fighting
  1507 | D:3      | Slain by a hobgoblin

Skill      XL: |  1  2  3 |
---------------+----------+-----
Short Blades   | 1 |  1.3
Fighting       | 1 |  1.0
Dodging        | 2 |  2.1
Stealth        | |  3.6
Spellcasting   | |  1.9
Hexes          | |  2.9

Action                   || total
-------------------------++-------
Melee: Dagger            ||   157
 Stab: Sleeping          ||     5
  Eat: Chunk             ||    15
Armor: Robe              ||    37
Dodge: Dodged            ||   113
